Map: Dreamcatcher LE

Players

Serral

  • Race: Zerg Zerg
  • Spawn Location: 5:00

Lambo - Winner!

  • Race: Zerg Zerg
  • Spawn Location: 11:00

Event: WCS Montreal 2018

VOD

Have the link to the VOD?

Description

Time

  • Played on: Sept. 9, 2018, 2:44 p.m.
  • Length: 6:23

All games in this series

Show
View Real Time Build Order
Export as new Build Order

Serral Zerg 

Build Orders: Hatch First 

Get SALT Encoding   

  12  0:00  Drone  
  13  0:12  Overlord  
  13  0:16  Drone  
  14  0:30  Drone x2  
  16  0:48  Hatchery  
  15  0:52  Drone  
  15  0:54  Drone  
  17  0:58  Drone  
  18  1:08  Extractor  
  17  1:13  Spawning Pool  
  17  1:17  Drone  
  17  1:20  Drone  
  18  1:29  Drone  
  19  1:38  Drone  
  20  1:49  Drone  
  21  1:59  Overlord  
  21  2:01  Queen x2  
  21  2:07  Drone  
  26  2:10  Drone  
  26  2:12  Drone  
  28  2:22  Zergling x4  
  30  2:34  Hatchery  
  30  2:35  Drone  
  30  2:38  Drone  
  31  2:48  Overlord  
  31  2:49  Drone  
  32  2:53  Drone  
  32  2:54  Drone  
  32  2:58  Queen  
  36  3:06  Drone  
  36  3:07  Drone  
  36  3:09  Drone x2  
  36  3:11  Drone x2  
  36  3:12  Evolution Chamber  
  41  3:18  Drone, Roach Warren  
  41  3:20  Drone  
  41  3:23  Drone  
  41  3:24  Drone  
  44  3:31  Overlord  
  44  3:35  Extractor  
  44  3:36  Extractor  
  44  3:37  Lair  
  44  3:40  Zerg Missile Weapons Level 1  
  42  3:43  Drone  
  42  3:44  Drone  
  42  3:46  Drone  
  45  3:49  Drone x2  
  45  3:51  Drone  
  45  3:54  Drone x2  
  49  3:56  Drone  
  49  3:59  Drone  
  51  4:04  Roach  
  51  4:07  Roach  
  51  4:08  Roach  
  57  4:13  Overlord  
  57  4:14  Overlord  
  57  4:22  Overlord  
  57  4:35  Roach x7  
  71  4:39  Overlord  
  71  4:40  Overlord  
  71  4:43  Roach  
  71  4:44  Roach  
  75  4:49  Roach x2  
  79  4:53  Roach  
  79  4:54  Overlord  
  79  4:59  Roach x2  
  85  5:03  Roach x2  
  85  5:06  Roach  
  91  5:09  Roach x2  
  91  5:11  Ravager  
  91  5:13  Overlord  
  95  5:17  Roach  
  97  5:26  Roach x4  
  93  5:31  Roach x2  
  93  5:33  Roach  
  86  5:35  Roach  
  86  5:36  Roach  
  86  5:39  Roach  
  86  5:42  Roach  
  78  5:47  Roach  
  79  5:52  Roach  
  79  5:54  Roach  
  72  6:03  Roach  
Show
View Real Time Build Order
Export as new Build Order

Lambo Zerg - Winner!

Build Orders: Hatch First 

Get SALT Encoding   

  12  0:00  Drone  
  13  0:12  Overlord  
  13  0:17  Drone  
  14  0:31  Drone x2  
  16  0:48  Hatchery  
  15  0:51  Drone  
  15  0:55  Drone  
  17  0:58  Drone  
  18  1:08  Extractor  
  17  1:13  Spawning Pool  
  17  1:16  Drone  
  17  1:20  Drone  
  18  1:28  Drone  
  19  1:38  Drone  
  20  1:48  Drone  
  21  2:00  Drone, Queen x2  
  26  2:01  Overlord  
  26  2:10  Drone  
  26  2:11  Drone  
  28  2:21  Drone  
  30  2:22  Drone  
  30  2:32  Drone  
  30  2:33  Drone  
  30  2:35  Queen  
  30  2:36  Lair  
  34  2:40  Evolution Chamber  
  34  2:42  Drone  
  34  2:47  Extractor  
  34  2:50  Roach Warren  
  32  2:56  Evolution Chamber, Overlord  
  31  2:59  Drone  
  31  3:01  Drone  
  31  3:04  Drone  
  34  3:06  Drone  
  34  3:10  Drone  
  36  3:16  Zerg Missile Weapons Level 1  
  36  3:18  Drone x2  
  38  3:24  Queen  
  38  3:26  Overlord  
  41  3:32  Overlord  
  41  3:37  Glial Reconstitution  
  41  3:45  Roach x2  
  41  3:46  Roach  
  47  3:50  Roach  
  47  3:53  Roach  
  47  3:55  Overlord  
  51  3:57  Roach  
  51  4:01  Roach  
  55  4:03  Roach  
  55  4:07  Overlord  
  57  4:10  Roach  
  57  4:13  Roach  
  61  4:17  Roach  
  61  4:19  Overlord  
  61  4:22  Roach  
  65  4:25  Roach  
  65  4:28  Roach  
  69  4:31  Roach  
  69  4:35  Roach  
  69  4:37  Overlord  
  73  4:40  Roach  
  73  4:43  Roach  
  77  4:48  Roach  
  77  4:52  Overlord  
  79  4:54  Roach  
  79  4:58  Roach  
  83  5:03  Roach  
  85  5:09  Roach  
  85  5:13  Roach  
  88  5:16  Roach  
  90  5:28  Roach x2  
  88  5:30  Roach  
  88  5:35  Roach  
  78  5:44  Roach x2  
  82  5:52  Roach  
  82  5:54  Roach  
  82  5:59  Roach  
  82  6:01  Roach  
  78  6:09  Hatchery  
Tags
 
Add a new tag
Caveats
  • Supply blocks, unpowered buildings, or Contaminate may cause inaccurate times.
  • Supply counts are checked every 10 seconds.